 Dungeon Crawl Stone Soup version 0.18-a0-902-g8738618 (webtiles) character file.

31 Jmtri7 the Apprentice (level 3, -15/26 HPs)
             Began as a Formicid Artificer on Dec 25, 2015.
             Was an Initiate of Pakellas.
             Killed from afar by Fannar (39 damage)
             ... with a bolt of cold
             ... on level 10 of the Dungeon.
             The game lasted 00:03:48 (867 turns).

Jmtri7 the Apprentice (Formicid Artificer)           Turns: 867, Time: 00:03:48

Health: -15/26     AC:  5    Str: 16    XL:     3   Next: 40%
Magic:  6/6        EV: 11    Int: 11    God:    Pakellas [......]
Gold:   0          SH:  0    Dex: 11    Spells: 0 memorised, 2 levels left

rFire  . . .     SeeInvis +     a - +0 short sword
rCold  . . .     Gourm    .     i - +0 ring mail
rNeg   . . .     Faith    .     (no shield)
rPois  .         Spirit   .     (helmet unavailable)
rElec  .         Dismiss  .     (no cloak)
rCorr  .         Reflect  .     (no gloves)
SustAt .         Harm     .     (no boots)
MR     .....                    (no amulet)
Stlth  +.........               (no ring)
                                (no ring)

@: not resistant to hostile enchantments, very unstealthy
A: permanent stasis, dig shafts and tunnels, four strong arms, antennae 3
a: Dig, Shaft Self, Renounce Religion


You were on level 10 of the Dungeon.
You worshipped Pakellas.
Pakellas was noncommittal.
You were not hungry.

You visited 1 branch of the dungeon, and saw 7 of its levels.

Inventory:

Hand Weapons
 a - a +0 short sword (weapon)
Armour
 b - a +0 leather armour
 i - a +0 ring mail (worn)
Wands
 c - a wand of flame (10/48)
 d - a wand of enslavement (8/24)
 e - a wand of random effects (15/48)
 l - a wand of fire (8/15)
Scrolls
 g - a scroll of amnesia {unknown}
 j - 2 scrolls of identify {unknown}
 k - a scroll of immolation {unknown}
Comestibles
 h - a meat ration


   Skills:
 - Level 1.1 Fighting
 - Level 1.0 Short Blades
 - Level 1.7 Dodging
 - Level 1.2 Stealth
 + Level 4.6 Evocations


You had 2 spell levels left.
You didn't know any spells.

Dungeon Overview and Level Annotations

Branches:
Dungeon (5/15)
 Temple: D:4-7

Altars:
Pakellas

Annotations:
D:2 Jessica
D:4 Grinder
D:10 Fannar


Innate Abilities, Weirdness & Mutations

You are under a permanent stasis effect.
You can dig through walls and to a lower floor.
Your four strong arms can wield two-handed weapons with a shield.
You have a pair of large antennae on your head (SInv).


Message History

Unknown command.
You dig through the rock wall.
You dig through the rock wall.
Zapping:
l - a wand of fire (10/15)
Press: ? - help, Shift-Dir - straight line, f - Fannar, p - giant frog skeleton
Aim: Fannar, wielding a quarterstaff of freezing, wearing a robe of cold resistance and wearing a ring of ice (covered in an icy film, protected by a disc of dense vapour)
The bolt of fire hits Fannar.
Fannar is burned terribly!
The heat melts Fannar's icy armour.
Fannar is moderately wounded.
This wand has 9 charges left.
Fannar hits you but does no damage.
Fannar blocks your giant frog skeleton's attack.
Zapping:
l - a wand of fire (9/15)
Press: ? - help, Shift-Dir - straight line, f/p - Fannar
Aim: Fannar, wielding a quarterstaff of freezing, wearing a robe of cold resistance and wearing a ring of ice (moderately wounded, covered in an icy film, protected by a disc of dense vapour)
The bolt of fire misses Fannar.
This wand has 8 charges left.
Fannar blocks your giant frog skeleton's attack.
Fannar gestures at you while chanting. The bolt of cold hits you!
Ouch! That really hurt!
You die...

######.###
#..........
#........... {{
#........... {
#...........
#####...........
+...........[...
####Z...........
#@e.....$....
#####.######
#..## ##..# ##.#
##.########
###.........#
#...........#
#.#.........###


You could see Fannar and a friendly giant frog skeleton.

Vanquished Creatures
  An orc wizard (D:4)
  A bat (D:2)
  A goblin (D:2)
3 creatures vanquished.

Notes
Turn   | Place    | Note
--------------------------------------------------------------
     0 | D:1      | Jmtri7 the Formicid Artificer began the quest for the Orb.
     0 | D:1      | Reached XP level 1. HP: 15/15 MP: 3/3
     5 | D:1      | You fall through a shaft!
    19 | D:2      | Found an oddly glowing altar of Pakellas.
    24 | D:2      | Became a worshipper of Pakellas the Inventive
    58 | D:2      | Noticed Jessica
    68 | D:2      | You fall through a shaft for 2 floors!
   342 | D:4      | Noticed Grinder
   394 | D:4      | You fall through a shaft!
   394 | D:5      | Entered Level 5 of the Dungeon
   467 | D:4      | Noticed an orc wizard
   467 | D:4      | Noticed an orc wizard
   467 | D:4      | Noticed an orc wizard
   467 | D:4      | Noticed a worker ant
   468 | D:4      | Noticed an orc priest
   477 | D:4      | Killed an orc wizard
   477 | D:4      | Reached skill level 4 in Evocations
   477 | D:4      | Reached XP level 2. HP: 14/21 MP: 5/5
   477 | D:4      | Reached XP level 3. HP: 17/26 MP: 6/6
   480 | D:4      | You fall through a shaft!
   572 | D:5      | You fall through a shaft for 3 floors!
   781 | D:8      | Noticed an ogre
   791 | D:8      | Noticed a sky beast
   807 | D:8      | You fall through a shaft!
   807 | D:9      | Noticed a phantom
   810 | D:9      | You fall through a shaft!
   810 | D:10     | Entered Level 10 of the Dungeon
   858 | D:10     | Noticed Fannar
   867 | D:10     | Killed from afar by Fannar

Vault maps used:
D:1:      dpeg_arrival_windows_large_door
D:2:      kiku_gazebo_pond_becter, grunt_pakellas_mercury, uniq_jessica,
          uniq_crazy_yiuf_cottage
D:4:      lemuel_round_altar, serial_shops, shop_fountains,
          kennysheep_minor_cross, uniq_grinder
D:5:      lemuel_round_altar, first_bread, portal_sewer_entry_e, uniq_pikel,
          uniq_duvessa, uniq_prince_ribbit1
D:8:      lemuel_round_altar
D:9:      grunt_temple_overflow_open
D:10:     dpeg_lair_monsters, uniq_harold, uniq_fannar

Action                   || total
-------------------------++-------
Melee: Short sword       ||     5
 Abil: Shaft Self        ||     7
       Dig               ||     2
Evoke: Wand              ||    14
  Eat: Bread ration      ||     1
